 Dungeon Crawl Stone Soup version 0.23.2-1-ga50397a (webtiles) character file.

Game seed: 10387262600498052642

186 ned the Conjurer (level 5, -3/31 HPs)
             Began as an Octopode Conjurer on May 30, 2019.
             Slain by an ice beast (11 damage)
             ... on level 3 of the Dungeon.
             The game lasted 00:08:20 (2755 turns).

ned the Conjurer (Octopode Conjurer)                Turns: 2755, Time: 00:08:21

Health: -3/31      AC:  1    Str:  8    XL:     5   Next: 66%
Magic:  8/10       EV: 14    Int: 18    God:
Gold:   111        SH:  0    Dex: 12    Spells: 4/10 levels left

rFire    . . .     SeeInvis .     - Unarmed
rCold    . . .     Gourm    .   (no shield)
rNeg     + . .     Faith    .   (helmet restricted)
rPois    +         Spirit   .   (no amulet)
rElec    .         Reflect  .   e - ring of positive energy
rCorr    .         Harm     .   f - ring of poison resistance
MR       .....                  (no ring)
Stlth    +++.......             (no ring)
HPRegen  0.10/turn              (no ring)
MPRegen  0.12/turn              (no ring)
                                (no ring)
                                (no ring)

@: no status effects
A: almost no armour, stealthy swim, amphibious, 8 rings, constrict 8, camouflage
1, gelatinous body 1
a: no special abilities


You were on level 3 of the Dungeon.
You were not hungry.

You visited 1 branch of the dungeon, and saw 3 of its levels.

You collected 111 gold pieces.

Inventory:

Jewellery
 e - a ring of positive energy (left tentacle)
 f - a ring of poison resistance (right tentacle)
Scrolls
 a - 2 scrolls of identify {unknown}
 d - 5 scrolls of remove curse {unknown}
 h - 2 scrolls of amnesia {unknown}
 i - 2 scrolls of teleportation {unknown}
 k - 2 scrolls of magic mapping {unknown}
 m - a scroll of enchant armour {unknown}
Potions
 c - a potion of degeneration {unknown}
 g - 2 potions of haste {unknown}
 j - 2 potions of curing {unknown}
 l - 3 potions of brilliance {unknown}
 n - a potion of ambrosia {unknown}
Comestibles
 b - 3 rations


   Skills:
 + Level 0.1 Fighting
 + Level 2.6 Dodging
 + Level 2.9 Stealth
 + Level 1.2 Unarmed Combat
 + Level 3.3 Spellcasting
 + Level 5.3 Conjurations


You had 4 spell levels left.
You knew the following spells:

 Your Spells              Type           Power        Failure   Level  Hunger
a - Magic Dart            Conj           ###.         1%          1    None
b - Searing Ray           Conj           ###...       2%          2    ##.....
c - Dazzling Spray        Conj/Hex       ##....       16%         3    ###....

Your spell library contained the following spells:

 Spells                   Type           Power        Failure   Level  Hunger
 Iskenderun's Mystic Bla  Conj           ###.....     17%         4    ####...
 Force Lance              Conj/Tloc      ##......     45%         4    ####...
 Fulminant Prism          Conj/Hex       ##........   45%         4    ####...


Dungeon Overview and Level Annotations

Branches:
Dungeon (3/15)

Altars:

Annotations:
D:2 1 runed translucent door, Crazy Yiuf


Innate Abilities, Weirdness & Mutations

You cannot wear most types of armour.
You are very stealthy in the water. (Stealth+)
You are amphibious.
You can wear up to eight rings at the same time.
You can use your tentacles to constrict eight enemies at once.
Your skin changes colour to match your surroundings (Stealth+).
Your rubbery body absorbs attacks. (AC +1, EV +1)


Message History

An orc comes into view. It is wielding a +0 dagger.
The searing ray hits the ice beast.
The ice beast is lightly wounded.
The searing ray hits the ice beast.
The ice beast is moderately wounded.
The searing ray hits the ice beast.
The ice beast is heavily wounded.
The searing ray hits the orc!
You kill the orc!
You finish channeling your searing ray.
The ice beast hits you. The ice beast freezes you. The ice beast hits you.
The ice beast freezes you!
* * * LOW HITPOINT WARNING * * *
You see here a dart slug corpse.
Things that are here:
a +0 leather armour; an adder skeleton The ice beast hits you.
* * * LOW HITPOINT WARNING * * *
The ice beast freezes you!
You die...

#####÷# #.# #.# #.# #.# #.#
#####.# #.########## ...##.#
#........... ##)##.##
###.#######. ##.#...## #.#
#.......# ###.#####
..).>..####..(..@.#
%...........#.###Y# #.#
......#######.###.###.# ...
#...#.# #.........# #.# ##.##'##
#####[##### #.# ####...## #.###
#.# .##.....## ###...# #.######
.#.......## ##.###.# #!##....
..........####...##†######.#...##


You could see an ice beast.

Vanquished Creatures
  An orc wizard (D:3)
  6 adders
  4 oozes
  2 worms
  4 dart slugs
  2 leopard geckos
  5 orcs (D:3)
  10 bats
  4 giant cockroaches
  4 goblins
  9 hobgoblins
  4 jackals
  A quokka (D:2)
  A ball python (D:1)
  4 frilled lizards
  6 kobolds
  7 rats
74 creatures vanquished.

Notes
Turn   | Place    | Note
-------+----------+-------------------------------------------
     0 | D:1      | ned the Octopode Conjurer began the quest for the Orb.
     0 | D:1      | Reached XP level 1. HP: 11/11 MP: 3/3
   176 | D:1      | Reached XP level 2. HP: 17/17 MP: 1/5
   584 | D:1      | Reached XP level 3. HP: 18/21 MP: 0/6
   588 | D:1      | Learned a level 2 spell: Searing Ray
   592 | D:1      | Learned a level 3 spell: Dazzling Spray
   967 | D:2      | Reached XP level 4. HP: 25/27 MP: 3/7
  1013 | D:2      | Reached skill level 5 in Conjurations
  1955 | D:2      | Found a runed translucent door.
  1956 | D:2      | Noticed Crazy Yiuf
  2056 | D:3      | Reached skill level 1 in Unarmed Combat
  2218 | D:3      | Reached XP level 5. HP: 29/31 MP: 1/9
  2722 | D:3      | Noticed an ice beast
  2755 | D:3      | Slain by an ice beast

Skill      XL: |  1  2  3  4  5 |
---------------+----------------+-----
Conjurations   | 5 |  5.3
Unarmed Combat | 1 |  1.2
Spellcasting   | 3 |  3.3
Fighting       | |  0.1
Dodging        | |  2.6
Stealth        | |  2.9

Action                   |  1- 3 |  4- 6 || total
-------------------------+-------+-------++-------
Melee: Unarmed           |    27 |    15 ||    42
       Tentacles         |     5 |     3 ||     8
       Constrict         |     8 |     4 ||    12
       Punch             |       |     1 ||     1
 Cast: Magic Dart        |    56 |    86 ||   142
       Searing Ray       |       |     6 ||     6
  Eat: Chunk             |     1 |     6 ||     7
Armor: Skin              |     3 |     3 ||     6
Dodge: Dodged            |    35 |    21 ||    56
